 Dungeon Crawl Stone Soup version 0.20.1-1-g8b1a95d (webtiles) character file.

430 dmj the Covered (level 7, -1/54 HPs)
             Began as a Human Fighter on July 31, 2017.
             Slain by Natasha (8 damage)
             ... on level 4 of the Dungeon.
             The game lasted 00:10:22 (2226 turns).

dmj the Covered (Human Fighter)                     Turns: 2226, Time: 00:10:23

Health: -1/54      AC:  7    Str: 18    XL:     7   Next: 19%
Magic:  7/7        EV:  8    Int:  9    God:
Gold:   178        SH:  9    Dex: 12    Spells: 6/6 levels left

rFire    . . .     SeeInvis .   a - +2 war axe
rCold    . . .     Gourm    .   c - +0 shield
rNeg     . . .     Faith    .   b - +0 scale mail
rPois    .         Spirit   .   (no helmet)
rElec    .         Reflect  .   (no cloak)
rCorr    .         Harm     .   (no gloves)
MR       .....                  (no boots)
Stlth    ..........             (no amulet)
Regen    0.2/turn               (no ring)
MPRegen  0.1/turn               (no ring)

@: slowed, very slow
A: no striking features
a: no special abilities


You were on level 4 of the Dungeon.
You were not hungry.

You visited 1 branch of the dungeon, and saw 4 of its levels.

You collected 178 gold pieces.

Inventory:

Hand Weapons
 a - a +2 war axe (weapon)
Armour
 b - a +0 scale mail (worn)
 c - a +0 shield (worn)
Jewellery
 l - an uncursed ring of magical power
Wands
 p - a wand of lightning (9/15)
Scrolls
 d - a scroll of teleportation
 h - 4 scrolls of remove curse
 m - 2 scrolls of identify
Potions
 e - a potion of haste
Comestibles
 f - 2 bread rations
 g - 5 fruits
 j - 3 royal jellies


   Skills:
 + Level 4.0 Fighting
 + Level 4.3 Axes
 + Level 4.7 Armour
 + Level 1.4 Dodging
 + Level 4.2 Shields


You had 6 spell levels left.
You didn't know any spells.

Dungeon Overview and Level Annotations

Branches:
Dungeon (4/15)
 Temple: D:4-7

Altars:

Annotations:
D:4 Natasha


Message History

You kill the white imp!
You hit Natasha. Natasha claws you!
* * * LOW HITPOINT WARNING * * *
Natasha claws you.
* * * LOW HITPOINT WARNING * * *
You hit Natasha.
Natasha is moderately wounded.
Natasha barely misses you. Natasha closely misses you.
You hit Natasha.
Natasha is heavily wounded.
You block Natasha's attack. Natasha claws you but does no damage.
You hit Natasha.
Natasha is almost dead.
You block Natasha's attack. Natasha claws you.
* * * LOW HITPOINT WARNING * * *
A jackal comes into view.
You closely miss Natasha.
Natasha is almost dead.
Natasha claws you!
You die...

#.....≈≈....≈..#
#..).≈..≈≈..≈..#
##....≈....≈≈...##
#......≈≈⌠.......# ##o
#)......⌠≈≈$.....##.....
#....≈≈....≈....<.!...a.
#...≈..≈≈..≈..[..#.....?
#...≈....≈≈........#.###
#....≈≈....@h.....# #
###.....≈≈$...h......
#.$..###≈≈≈≈≈≈###.h..#
#.>...###≈≈≈≈## ..$..#
#..<...)###### .....#
#.........# #.........#
###########


You could see Natasha and 2 jackals.

Vanquished Creatures
  A hippogriff (D:3)
  A jelly (D:3)
  An orc priest (D:3)
  A worker ant (D:4)
  Natasha (twice) (D:3)
  An adder (D:2)
  10 oozes
  An adder skeleton (D:4)
  2 dart slugs
  2 orcs (D:3)
  3 bats
  2 giant cockroaches (D:3)
  A hobgoblin (D:2)
  A jackal (D:4)
  14 kobolds
  6 goblins
  A leopard gecko skeleton (D:4)
  18 rats
68 creatures vanquished.

Vanquished Creatures (others)
  7 toadstools (D:3)
7 creatures vanquished.

Grand Total: 75 creatures vanquished

Notes
Turn   | Place    | Note
-------+----------+-------------------------------------------
     0 | D:1      | dmj the Human Fighter began the quest for the Orb.
     0 | D:1      | Reached XP level 1. HP: 18/18 MP: 1/1
    40 | D:1      | Reached XP level 2. HP: 22/24 MP: 2/2
   153 | D:1      | Reached XP level 3. HP: 20/29 MP: 3/3
  1061 | D:2      | Reached XP level 4. HP: 33/35 MP: 4/4
  1301 | D:3      | Noticed a hippogriff
  1312 | D:3      | Killed a hippogriff
  1312 | D:3      | Reached skill level 1 in Dodging
  1312 | D:3      | Reached XP level 5. HP: 7/42 MP: 5/5
  1312 | D:3      | Reached XP level 6. HP: 8/48 MP: 6/6
  1586 | D:3      | Noticed Natasha
  1595 | D:3      | Killed Natasha
  1637 | D:3      | Noticed Natasha
  1656 | D:3      | Killed Natasha
  2004 | D:3      | Reached XP level 7. HP: 40/53 MP: 7/7
  2217 | D:4      | Noticed Natasha
  2226 | D:4      | Slain by Natasha

Skill      XL: |  1  2  3  4  5  6  7 |
---------------+----------------------+-----
Axes           | 3 4 |  4.3
Armour         | 4 |  4.7
Dodging        | 1 |  1.4
Shields        | 4 |  4.2
Fighting       | 4 |  4.0

Action                   |  1- 3 |  4- 6 |  7- 9 || total
-------------------------+-------+-------+-------++-------
Melee: War axe           |    74 |    86 |    43 ||   203
  Use: Scroll            |     2 |     5 |     1 ||     8
       Potion            |     2 |       |     5 ||     7
  Eat: Bread ration      |     1 |       |       ||     1
Armor: Scale mail        |    34 |    39 |    26 ||    99
Dodge: Dodged            |    25 |    34 |    28 ||    87
Block: Shield            |    35 |    51 |    42 ||   128
